 Dungeon Crawl Stone Soup version 0.22-a0-223-g0f5d773 (webtiles) character file.

37151 KristoblXynda the Fencer (level 13, -11/113 HPs)
             Began as a Yellow Draconian Gladiator on Feb 18, 2018.
             Was an Initiate of Gozag.
             Killed from afar by Roxanne (23 damage)
             ... with an orb of energy
             ... on level 14 of the Dungeon.
             The game lasted 00:35:59 (18100 turns).

KristoblXynda the Fencer (DrGl)                    Turns: 18100, Time: 00:36:00

Health: -11/113    AC: 15    Str: 19    XL:     13   Next: 56%
Magic:  18/18      EV: 27    Int: 13    God:    Gozag
Gold:   3374       SH:  9    Dex: 19    Spells: 13/17 levels left

rFire    . . .     SeeInvis .   J - +4 scimitar (flame)
rCold    . . .     Gourm    .   p - +3 buckler of Zouvud {MR+}
rNeg     . . .     Faith    .   (armour unavailable)
rPois    .         Spirit   .   b - +2 hat
rElec    .         Reflect  .   (no cloak)
rCorr    +         Harm     .   (no gloves)
MR       +....                  i - +1 pair of boots
Stlth    ++++......             (no amulet)
HPRegen  0.28/turn              v - +3 ring of protection
MPRegen  0.16/turn              j - +3 ring of strength

@: agile
A: spit acid, acid resistance, unfitting armour, cold-blooded, AC +8
a: Breathe Acid, Potion Petition, Call Merchant, Bribe Branch, Renounce Religion


You were on level 14 of the Dungeon.
You worshipped Gozag.
Gozag was most pleased with you.
You were not hungry.

You visited 2 branches of the dungeon, and saw 15 of its levels.

You collected 3467 gold pieces.
You spent 36 gold pieces at shops.
You paid 57 gold pieces to Gozag.

Inventory:

Hand Weapons
 J - a +4 scimitar of flaming (weapon)
Missiles
 c - 2 throwing nets (quivered)
Armour
 b - a +2 hat (worn)
 i - a +1 pair of boots (worn)
 p - the +3 buckler of Zouvud (worn) {MR+}
   (You found it on level 8 of the Dungeon)

   It affects your resistance to hostile enchantments.
Jewellery
 g - an uncursed ring of positive energy
 j - a +3 ring of strength (right hand)
 v - a +3 ring of protection (left hand)
 B - an uncursed ring of wizardry
Wands
 l - a wand of disintegration (4)
 m - a wand of acid (5)
 n - a wand of digging (53)
 D - a wand of iceblast (7)
Scrolls
 f - 8 scrolls of remove curse
 k - a scroll of magic mapping
 o - a scroll of fog
 q - 5 scrolls of fear
 r - a scroll of amnesia
 s - 2 scrolls of teleportation
 x - a scroll of enchant armour
 y - a scroll of immolation
 F - a scroll of summoning
Potions
 a - a potion of ambrosia {unknown}
 t - 3 potions of agility
 w - a potion of haste
 A - 2 potions of curing
 C - 2 potions of lignification
 G - a potion of heal wounds
 I - a potion of brilliance
Comestibles
 d - 16 rations


   Skills:
 - Level 10.1 Fighting
 - Level 15.0 Long Blades
 - Level 2.0 Throwing
 + Level 11.5 Dodging
 + Level 3.6 Stealth
 - Level 4.2 Shields
 + Level 2.9 Spellcasting
 + Level 7.1 Evocations


You had 13 spell levels left.
You knew the following spells:

 Your Spells              Type           Power        Failure   Level  Hunger
a - Summon Lightning Spi  Summ/Air       #.......     93%         4    #####..


Dungeon Overview and Level Annotations

Branches:
Dungeon (14/15)            Temple (1/1) D:7            Lair (0/6) D:8
    Orc (0/2) D:12         Vaults (0/5) D:14

Altars:
Ashenzari
Cheibriados
Dithmenos
Elyvilon
Fedhas
Gozag
Hepliaklqana
Kikubaaqudgha
Makhleb
Nemelex Xobeh
Okawaru
Qazlal
Ru
Sif Muna
Trog
Uskayaw
Vehumet
Wu Jian
Xom
Yredelemnul
Zin
The Shining One
Beogh

Shops:
D:6 !   D:9 ?

Annotations:
D:11 1 runed door
D:13 1 transporter
D:14 exclusion: Roxanne, Roxanne


Innate Abilities, Weirdness & Mutations

You can spit globs of acid.
You are resistant to acid.
Your golden yellow scales are hard. (AC +8)
You cannot fit into any form of body armour.
You are cold-blooded and may be slowed by cold attacks.


Message History

You hit Roxanne but do no damage.
Roxanne is severely damaged.
You hit Roxanne but do no damage.
Roxanne is severely damaged.
Roxanne mumbles some strange words.
The crystal spear hits you!
* * * LOW HITPOINT WARNING * * *
You hit Roxanne but do no damage.
Roxanne is severely damaged.
You hit Roxanne but do no damage.
Roxanne is severely damaged.
You feel less wooden.
Your +2 hat unmelds from your body.
Your +1 pair of boots unmelds from your body.
You slice Roxanne!! You burn Roxanne.
Roxanne is almost destroyed.
Roxanne mumbles some strange words.
The orb of energy hits you!
You die...
Your body crumbles into a pile of gold.

#..#..#######...# #.# #..###
##....# #...# #.# #..# #....#
#...# #.# #..# ##...# #...# #.#
#..# #...# #...# #.# #..# #...#
#...## #.# #..#
#...#######....###.# #..#
###..................#######..###
...............8@...............)
.............[...................
#..#####............#############
#..# #............# #..#
#............# #..#
#....?.......# #..#
#...........<# #..#
#............#############
#..#####.........................


You could see Roxanne.

Vanquished Creatures
  3 hydras
  2 centaur warriors (D:13)
  2 catoblepae (D:14)
  A death knight (D:13)
  13 two-headed ogres
  A tengu warrior (D:14)
  2 ogre magi (D:14)
  Urug (D:11)
  Sonja (D:10)
  An unseen horror (shapeshifter) (D:13)
  An unseen horror (D:13)
  A swamp dragon (shapeshifter) (D:14)
  A wolf spider (D:14)
  A deep elf mage (D:14)
  3 ugly things
  3 manticores
  3 centaur zombies
  Joseph (D:7)
  An efreet (D:13)
  The ghost of varam the Covert, a novice OpAr of Nemelex Xobeh (D:5)
  A kobold demonologist (D:11)
  A komodo dragon (D:8)
  A harpy zombie (D:14)
  6 trolls
  3 hippogriffs
  A hornet (D:9)
  2 dream sheep (D:8)
  A wyvern (D:10)
  A wraith (D:13)
  Sigmund (D:2)
  16 yaks
  Grum (D:8)
  A soldier ant (D:11)
  A hornet zombie (D:7)
  4 sky beasts
  2 black bears
  4 ice beasts
  A phantom (D:11)
  2 eyes of draining (D:12)
  6 ogres
  5 orc warriors
  4 wolves (D:8)
  3 centaurs
  7 big kobolds
  9 bullfrogs
  A gnoll sergeant (D:11)
  2 wyvern skeletons
  5 scorpions
  A hornet simulacrum (D:14)
  5 killer bees (D:9)
  7 wights
  2 howler monkeys
  2 crimson imps
  A bullfrog zombie (D:10)
  7 hounds
  2 bullfrog skeletons
  2 jellies
  5 orc priests
  13 orc wizards
  7 centaur skeletons
  Jessica (D:2)
  Ijyb (D:5)
  Terence (D:2)
  3 iguanas
  16 worker ants
  A hound skeleton (D:4)
  A howler monkey zombie (D:11)
  14 adders
  3 gnolls (D:11)
  5 shadow imps
  3 oozes
  2 dart slugs
  2 worms (D:2)
  3 leopard geckos
  57 orcs
  2 ball pythons (D:2)
  13 bats
  10 giant cockroaches
  5 goblins
  10 hobgoblins
  19 jackals
  25 kobolds
  4 quokkas
  7 frilled lizards
  A jackal skeleton (D:6)
  A leopard gecko skeleton (D:7)
  A quokka skeleton (D:5)
  2 quokka zombies (D:6)
  10 rats
412 creatures vanquished.

Vanquished Creatures (others)
  3 fungi (D:10)
  23 plants (D:8)
26 creatures vanquished.

Grand Total: 438 creatures vanquished

Notes
Turn   | Place    | Note
-------+----------+-------------------------------------------
     0 | D:1      | KristoblXynda the Draconian Gladiator began the quest for the Orb.
     0 | D:1      | Reached XP level 1. HP: 17/17 MP: 1/1
    87 | D:1      | Reached XP level 2. HP: 23/24 MP: 2/2
   640 | D:2      | Reached XP level 3. HP: 23/29 MP: 3/3
   742 | D:2      | Noticed Terence
   828 | D:2      | Reached skill level 4 in Long Blades
  1075 | D:2      | Killed Terence
  1075 | D:2      | Reached XP level 4. HP: 9/36 MP: 4/4
  1420 | D:2      | Noticed Jessica
  1430 | D:2      | Killed Jessica
  1430 | D:2      | Reached XP level 5. HP: 39/41 MP: 5/5
  1668 | D:2      | Noticed Sigmund
  1698 | D:2      | Killed Sigmund
  1698 | D:2      | Reached skill level 5 in Long Blades
  1698 | D:2      | Reached XP level 6. HP: 17/48 MP: 6/6
  1987 | D:3      | Reached skill level 6 in Long Blades
  2322 | D:3      | Found a burning altar of Makhleb.
  3298 | D:4      | Found an opulent altar of Gozag.
  3362 | D:4      | Your scales start taking on a golden yellow colour.
  3362 | D:4      | Reached XP level 7. HP: 55/55 MP: 7/7
  3452 | D:4      | Became a worshipper of Gozag Ym Sagoz the Greedy
  3461 | D:4      | Reached skill level 7 in Long Blades
  3493 | D:4      | Reached skill level 5 in Dodging
  4072 | D:5      | Entered Level 5 of the Dungeon
  4115 | D:5      | Reached skill level 8 in Long Blades
  4201 | D:5      | Noticed varam's ghost (novice OpAr)
  4208 | D:5      | Noticed Ijyb
  4216 | D:5      | Killed varam's ghost
  4216 | D:5      | Reached XP level 8. HP: 61/61 MP: 8/8
  4248 | D:5      | Killed Ijyb
  4506 | D:5      | Reached skill level 9 in Long Blades
  4760 | D:6      | Found Penuskuj's Distillery.
  4763 | D:6      | Bought a potion of lignification for 36 gold pieces
  5607 | D:6      | Reached skill level 10 in Long Blades
  5826 | D:6      | Reached XP level 9. HP: 67/67 MP: 9/9
  6520 | D:7      | Noticed Joseph
  6578 | D:7      | Killed Joseph
  6578 | D:7      | Reached skill level 11 in Long Blades
  6835 | D:7      | Found a staircase to the Ecumenical Temple.
  6856 | Temple   | Entered the Ecumenical Temple
  7068 | D:8      | Noticed a two-headed ogre
  7079 | D:8      | Killed a two-headed ogre
  7448 | D:8      | Noticed a two-headed ogre
  7486 | D:8      | Killed a two-headed ogre
  7486 | D:8      | Reached XP level 10. HP: 57/78 MP: 10/10
  7780 | D:8      | Noticed Grum
  7785 | D:8      | Reached skill level 12 in Long Blades
  8054 | D:8      | Got a twisted buckler
  8060 | D:8      | Identified the +3 buckler of Zouvud {MR+} (You found it on level 8 of the Dungeon)
  8601 | D:8      | Found a staircase to the Lair.
  8687 | D:8      | Reached skill level 1 in Shields
  8972 | D:8      | Found a glowing golden altar of the Shining One.
  9052 | D:8      | Noticed a three-headed hydra
  9064 | D:8      | Killed a one-headed hydra
  9064 | D:8      | Reached skill level 5 in Fighting
  9118 | D:8      | Killed Grum
  9898 | D:9      | Noticed a brown ugly thing
  9920 | D:9      | Killed a brown ugly thing
  9920 | D:9      | Reached XP level 11. HP: 61/89 MP: 11/11
 10040 | D:9      | Noticed a two-headed ogre
 10075 | D:9      | Found Jairaroo's Magic Scroll Boutique.
 10159 | D:9      | HP: 2/89 [yak (14)]
 10170 | D:9      | Reached skill level 13 in Long Blades
 10705 | D:9      | Killed a two-headed ogre
 11220 | D:10     | Entered Level 10 of the Dungeon
 11310 | D:10     | Noticed Sonja
 11317 | D:10     | Killed Sonja
 11560 | D:10     | Found a blossoming altar of Fedhas.
 12929 | D:11     | Found a runed door.
 12948 | D:11     | Reached skill level 14 in Long Blades
 12956 | D:11     | Reached skill level 1 in Evocations
 13182 | D:11     | Noticed a six-headed hydra
 13182 | D:11     | Noticed a two-headed ogre
 13195 | D:11     | Killed a one-headed hydra
 13200 | D:11     | Killed a two-headed ogre
 13200 | D:11     | Reached XP level 12. HP: 54/101 MP: 11/13
 13211 | D:11     | Reached skill level 10 in Dodging
 13348 | D:11     | Noticed a war gargoyle
 13348 | D:11     | Noticed a four-headed hydra
 13678 | D:11     | Found a runed door.
 13692 | D:11     | Found a runed door.
 13967 | D:11     | Noticed Urug
 13992 | D:11     | Killed Urug
 14293 | D:11     | Killed a one-headed hydra
 14605 | D:12     | Found a roughly hewn altar of Beogh.
 14605 | D:12     | Found a staircase to the Orcish Mines.
 14872 | D:13     | Found a transporter.
 14982 | D:13     | Noticed a centaur warrior
 15000 | D:13     | Killed a centaur warrior
 15028 | D:13     | Noticed a centaur warrior
 15029 | D:13     | Noticed a death knight
 15051 | D:13     | Killed a centaur warrior
 15080 | D:13     | Killed a death knight
 15080 | D:13     | Reached skill level 5 in Evocations
 15774 | D:13     | Found a transporter.
 15883 | D:13     | Noticed a deep troll earth mage
 15883 | D:13     | Noticed a deep troll earth mage
 15887 | D:13     | Noticed a centaur warrior
 15887 | D:13     | Noticed an ogre mage
 15889 | D:13     | Noticed a centaur warrior
 15890 | D:13     | Noticed a yaktaur captain
 15892 | D:13     | Noticed a deep troll earth mage
 15893 | D:13     | Noticed a yaktaur captain
 16080 | D:14     | Noticed Roxanne
 16080 | D:14     | Noticed a two-headed ogre
 16089 | D:14     | Killed a two-headed ogre
 16097 | D:14     | Noticed an ogre mage
 16098 | D:14     | Noticed a two-headed ogre
 16105 | D:14     | Noticed a two-headed ogre
 16106 | D:14     | Killed an ogre mage
 16107 | D:14     | Noticed a two-headed ogre
 16122 | D:13     | Killed a two-headed ogre
 16390 | D:14     | Noticed a catoblepas
 16397 | D:14     | Killed a catoblepas
 16397 | D:14     | Reached XP level 13. HP: 113/113 MP: 17/17
 16459 | D:14     | Reached skill level 10 in Fighting
 16764 | D:14     | Reached skill level 15 in Long Blades
 16764 | D:14     | Reached skill level 1 in Stealth
 16909 | D:14     | Learned a level 4 spell: Summon Lightning Spire
 17087 | D:14     | Reached skill level 1 in Spellcasting
 17103 | D:14     | Found a gate to the Vaults.
 18100 | D:14     | Killed from afar by Roxanne

Vault maps used:
D:1:      dpeg_arrival_court
D:2:      serial_park_tiny_1, hangedman_decor_growths, uniq_terence,
          uniq_jessica, uniq_sigmund
D:3:      bloody_makhleb
D:4:      overflow_temple_1_default, serial_glass, glass_columns_a,
          glass_columns_c, glass_columns_a, glass_columns_a,
          minmay_strange_pillars, feat_on_display
D:5:      first_ration, uniq_ijyb, uniq_grinder
D:6:      serial_shops, shop
D:7:      temple_fountains, uniq_joseph
D:8:      david_lair_shrubbed, basic_altar, hangedman_ranch, uniq_grum
D:9:      serial_shops, shop
D:10:     fedhas_altar_3, uniq_sonja
D:11:     lemuel_insect_pit, lightli_airlock, uniq_urug
D:12:     david_orc_5, basic_altar, serial_glass, glass_columns_c,
          glass_columns_b, glass_columns_c, glass_columns_a, item_on_display_a
D:13:     gammafunk_dig_for_victory
D:14:     david_vaults_2, hex_tiny, uniq_roxanne
Temple:   compressed_dpeg_circular_temple

Skill      XL: |  1  2  3  4  5  6  7  8  9 10 11 12 13 |
---------------+----------------------------------------+-----
Throwing       | 2 |  2.0
Dodging        | 3 4 5 6 8 9 11 | 11.5
Long Blades    | 4 5 6 8 10 11 12 14 15 | 15.0
Fighting       | 4 5 8 9 10 | 10.1
Shields        | 3 4 |  4.2
Evocations     | 2 5 7 |  7.1
Stealth        | 3 |  3.6
Spellcasting   | 2 |  2.9

Action                   |  1- 3 |  4- 6 |  7- 9 | 10-12 | 13-15 || total
-------------------------+-------+-------+-------+-------+-------++-------
Melee: Long sword        |    98 |   170 |   312 |   825 |       ||  1405
       Tailslap          |    23 |    31 |    66 |   186 |    32 ||   338
       Falchion          |       |       |    36 |       |       ||    36
       Unarmed           |       |       |     1 |       |       ||     1
       Hand axe          |       |       |       |    23 |       ||    23
       Scimitar          |       |       |       |    24 |   170 ||   194
Throw: Throwing net      |       |       |       |     1 |       ||     1
 Abil: Breathe Acid      |       |       |    13 |    38 |     6 ||    57
Evoke: Wand              |       |       |     5 |    24 |     1 ||    30
  Use: Scroll            |     4 |     4 |     7 |    12 |     1 ||    28
       Potion            |       |     2 |     6 |     4 |     2 ||    14
 Stab: Sleeping          |     2 |     3 |     1 |     2 |     1 ||     9
       Paralysed         |       |       |     6 |     7 |       ||    13
       Distracted        |       |       |       |     9 |     2 ||    11
       Held in net/web   |       |       |       |     1 |       ||     1
       Petrified         |       |       |       |       |     5 ||     5
  Eat: Chunk             |     1 |     7 |     1 |       |       ||     9
       Ration            |       |       |     5 |    10 |     2 ||    17
Armor: Skin              |    42 |    62 |    80 |   178 |    14 ||   376
Dodge: Dodged            |    76 |   151 |   210 |   498 |    77 ||  1012
Block: Buckler           |       |       |       |   229 |    30 ||   259
       Rpst.: Long sword |    27 |    48 |    57 |   118 |       ||   250
       Falchion          |       |       |     4 |       |       ||     4
       Scimitar          |       |       |       |     4 |    17 ||    21

Table legend:
 A = Spawn XP
 B = Non-spawn XP
 C = Spawn XP percentage of total XP
 D = Spawn monster count
 E = Non-spawn monster count
 F = Spawn count percentage of total count
 G = Total turns spent on level
                    A         B        C        D         E        F      G
               +---------+---------+-------+---------+---------+-------+---------
         Total |       0 |   53074 |   0.0 |       0 |     412 |   0.0 | 18100
               +---------+---------+-------+---------+---------+-------+---------
           D:1 |       0 |      41 |   0.0 |       0 |      22 |   0.0 |   817
           D:2 |       0 |     386 |   0.0 |       0 |      32 |   0.0 |  1118
           D:3 |       0 |     231 |   0.0 |       0 |      46 |   0.0 |  1379
           D:4 |       0 |     621 |   0.0 |       0 |      22 |   0.0 |   758
           D:5 |       0 |     826 |   0.0 |       0 |      15 |   0.0 |   688
           D:6 |       0 |     754 |   0.0 |       0 |      28 |   0.0 |  1329
           D:7 |       0 |    1234 |   0.0 |       0 |      17 |   0.0 |   881
           D:8 |       0 |    5813 |   0.0 |       0 |      35 |   0.0 |  2472
           D:9 |       0 |    4836 |   0.0 |       0 |      42 |   0.0 |  1685
          D:10 |       0 |    3992 |   0.0 |       0 |      27 |   0.0 |  1582
          D:11 |       0 |    7491 |   0.0 |       0 |      47 |   0.0 |  1664
          D:12 |       0 |    1353 |   0.0 |       0 |      11 |   0.0 |   160
          D:13 |       0 |    8222 |   0.0 |       0 |      29 |   0.0 |  1722
          D:14 |       0 |   17274 |   0.0 |       0 |      39 |   0.0 |  1752
               +---------+---------+-------+---------+---------+-------+---------
